cohdb
Replays
Latest Replays
All Replays
Popular Replays
Top Player Replays
Match Explorer
How It Works
Community
CoH3 Stats
Reddit
Sign in to upload your games and track your stats! →
Sign in with Steam
Match 42491140
Unlisted
Match 42491140
Overview
Messages
Build Orders
End
Construct Weapon Support Center
Selects Airborne Battlegroup
Selects Pathfinders
M1919 Machine Gun Team
Pathfinder Squad
M1919 Machine Gun Team
Pathfinder Squad
Selects Paratrooper Squad Paradrop
Paratrooper Squad Paradrop
Bazooka Squad
Paratrooper Squad Paradrop
Selects Recon Loiter
Selects Supply Drop
Supply Drop
Infantry Support Center
Construct Tank Depot
Supply Drop
Selects Anti-tank Gun Team Paradrop
Construct Medical Station
Paratrooper Squad Paradrop
M4A1 Sherman Medium Tank
Anti-tank Gun Team Paradrop
Jar
Hoelle
TheBananaEffect
BravoTwoZer0
iceman
Gumshoe.Cambro
warmachine
Lt Ghost
0
0
Comments
sign in to comment!
No comments posted yet!